 Dungeon Crawl Stone Soup version 0.26.0-18-gc5c842f807 (webtiles) character file.

Game seed: 11130563410231200723

23468 kaeus the Arsonist (level 13, -1/74 HPs)
             Began as a Gargoyle Fire Elementalist on Jan 23, 2021.
             Was an Elder of the Shining One.
             Slain by a seven-headed hydra (7 damage)
             ... on level 11 of the Dungeon.
             The game lasted 00:50:14 (21152 turns).

kaeus the Arsonist (Gargoyle Fire Elementalist)    Turns: 21152, Time: 00:50:15

Health: -1/74      AC: 28    Str: 12    XL:     13   Next: 6%
Magic:  12/25      EV: 13    Int: 21    God:    the Shining One [****..]
Gold:   906        SH:  0    Dex: 10    Spells: 17/29 levels left

rFire    . . .     SeeInvis .   e - +4 dagger (venom)
rCold    . . .     Faith    +   (no shield)
rNeg     + + +     Spirit   .   h - +5 steam dragon scales
rPois    ∞         Reflect  .   H - +2 helmet
rElec    +         Harm     .   (no cloak)
rCorr    .         Rampage  .   (no gloves)
Will     .....                  (no boots)
Stlth    +.........             w - amulet of faith
HPRegen  0.22/turn              D - ring of stealth
MPRegen  0.19/turn              B - +4 ring of protection

@: glowing
A: big wings, negative energy resistance 1, electricity resistance, wild magic
1, unbreathing, petrification resistance, miasma immunity, AC +9
a: Fly, Renounce Religion, Divine Shield, Cleansing Flame


You were on level 11 of the Dungeon.
You worshipped the Shining One.
The Shining One was greatly pleased with you.
You visited 2 branches of the dungeon, and saw 14 of its levels.
You also visited: Ossuary.

You collected 1060 gold pieces.
You spent 154 gold pieces at shops.

Inventory:

Hand Weapons
 e - a +4 dagger of venom (weapon)
 m - a +2 dagger of speed
Armour
 h - +5 steam dragon scales (worn)
 H - a +2 helmet (worn)
Jewellery
 n - an uncursed amulet of the acrobat
 w - an amulet of faith (around neck)
 B - a +4 ring of protection (right hand)
 D - a ring of stealth (left hand)
Wands
 p - a wand of acid (6)
 v - a wand of paralysis (3)
 E - a wand of iceblast (30)
 F - a wand of polymorph (4)
 G - a wand of disintegration (16)
 J - a wand of enslavement (7)
Scrolls
 b - 9 scrolls of remove curse
 d - 4 scrolls of identify
 f - 2 scrolls of fog
 g - 2 scrolls of blinking
 i - 2 scrolls of magic mapping
 k - 5 scrolls of teleportation
 l - 3 scrolls of enchant armour
 q - 2 scrolls of amnesia
 s - 2 scrolls of immolation
 u - a scroll of holy word {unknown}
Potions
 a - a potion of lignification {unknown}
 c - a potion of berserk rage {unknown}
 o - 2 potions of degeneration
 r - a potion of attraction {unknown}
 t - a potion of flight {unknown}
 z - 2 potions of brilliance {unknown}
 A - a potion of might
 C - 2 potions of invisibility
 I - 2 potions of haste {unknown}


   Skills:
 + Level 5.6 Fighting
 + Level 4.7 Short Blades
 + Level 5.8 Armour
 + Level 4.8 Dodging
 - Level 2.1 Stealth
 + Level 8.9 Spellcasting
 - Level 10.2 Conjurations
 + Level 12.9 Fire Magic
 + Level 2.3 Air Magic
 - Level 2.0 Evocations


You had 17 spell levels left.
You knew the following spells:

 Your Spells              Type           Power        Failure   Level
a - Foxfire               Conj/Fire      100%         1%          1
b - Sticky Flame          Conj/Fire      66%          1%          4
c - Fireball              Conj/Fire      33%          3%          5
d - Passwall              Tmut/Erth      10%          16%         2

Your spell library contained the following spells:

 Spells                   Type           Power        Failure   Level
 Magic Dart               Conj           100%         1%          1
 Searing Ray              Conj           100%         1%          2
 Conjure Flame            Conj/Fire      66%          1%          3
 Inner Flame              Hex/Fire       47%          3%          3
 Dazzling Flash           Conj/Hex       80%          4%          3
 Stone Arrow              Conj/Erth      80%          4%          3
 Sandblast                Erth           24%          12%         1
 Fulminant Prism          Conj/Hex       20%          13%         4
 Iskenderun's Mystic Bla  Conj/Tloc      40%          13%         4
 Confusing Touch          Hex            12%          30%         3
 Gell's Gravitas          Tloc           6%           30%         3
 Petrify                  Tmut/Erth      12%          67%         4
 Lee's Rapid Deconstruct  Erth           6%           94%         5
 Metabolic Englaciation   Hex/Ice        6%           94%         5
 Yara's Violent Unravell  Hex/Tmut       6%           94%         5


Dungeon Overview and Level Annotations

Branches:
Dungeon (13/15)            Temple (1/1) D:6            Lair (0/6) D:10
    Orc (0/2) D:11        Ossuary (visited)
 Vaults: D:13-14

Altars:
Ashenzari
Cheibriados
Dithmenos
Elyvilon
Fedhas
Gozag
Hepliaklqana
Kikubaaqudgha
Makhleb
Nemelex Xobeh
Okawaru
Qazlal
Ru
Sif Muna
Trog
Uskayaw
Vehumet
Wu Jian
Xom
Yredelemnul
Zin
The Shining One
Beogh

Shops:
D:6 [

Annotations:
D:8 Gastronok
D:9 3 runed translucent doors


Innate Abilities, Weirdness & Mutations

You are resistant to torment.
Your stone body is resilient. (AC +9)
You are immune to poison.
You resist negative energy. (rN+)
You are resistant to electric shocks. (rElec)
You can survive without breathing.
You are immune to petrification.
You are immune to miasma.
Your large and strong wings let you fly indefinitely.
Your spells are a little harder to cast, but a little more powerful.


Message History

The seven-headed hydra bites you but does no damage.
The seven-headed hydra closely misses you. x2
The seven-headed hydra completely misses you.
You take 3 damage, and have 7/74 hp.
You feel better.
The seven-headed hydra burns!
The seven-headed hydra bites you!
* * * LOW HITPOINT WARNING * * *
The seven-headed hydra closely misses you.
The seven-headed hydra bites you but does no damage.
The seven-headed hydra barely misses you.
The seven-headed hydra bites you but does no damage. x3
You take 1 damage, and have 6/74 hp.
Aiming: Paralyse
Press: ? - help, Shift-Dir - straight line, f/p - seven-headed hydra
Aim: a seven-headed hydra (heavily wounded, covered in liquid flames, haloed, chance to affect: 19%)
The seven-headed hydra resists with almost no effort.
The seven-headed hydra burns!
The seven-headed hydra bites you but does no damage.
The seven-headed hydra bites you!
You die...

#...)#######....#.#
#.##.[[.#....##...#
#######.#####[#.######)#####
###)[........##.#.# #.......#
..).(##.####.##...####.#.###.#
###..##.#...........##.#..##.#
..)..##.#######.....##.##.##.#
.....#### ### ##.D..##.##.##.#
.....# ###_####@...##.......#
####.# #.....##....#####.####
.....# #♣...♣####### #.#
#########.....# #.#
#..##♣.).♣# #.### #.#####'##
##### #>..# #.##.....# ##...##
###.# #.####.#.####.....# #.#
#......#..........#####.#


You could see a seven-headed hydra (burning).

Vanquished Creatures
  Josephine (D:12)
  A rakshasa (D:10)
  A hydra (D:12)
  A catoblepas (D:10)
  3 centaur warriors
  A boulder beetle (D:10)
  Erica (D:8)
  3 two-headed ogres
  2 unseen horrors
  A glowing orange brain (shapeshifter) (D:10)
  Pikel (D:8)
  An orc knight (D:10)
  A deep elf mage (D:12)
  An ugly thing (D:13)
  A wolf spider (D:13)
  2 gargoyles (D:11)
  3 meliai
  4 trolls
  A hornet (D:13)
  A meliai zombie (D:10)
  A slime creature (D:10)
  Sigmund (D:6)
  6 wraiths
  A ynoxinul (D:12)
  5 yaks (D:11)
  4 wyverns
  A basilisk (D:10)
  Menkaure (D:4)
  A warg (D:10)
  4 ice beasts
  5 phantoms
  A hornet zombie (D:12)
  5 orc warriors
  3 sky beasts
  4 ogres
  3 centaurs
  4 lemures
  2 big kobolds (D:11)
  2 elf zombies (Ossuary)
  5 bullfrogs
  3 scorpions
  5 wights
  6 killer bees (D:6)
  7 howler monkeys
  A centaur zombie (Ossuary)
  A crimson imp (D:12)
  3 quasits
  3 human zombies (Ossuary)
  3 centaur skeletons
  3 jellies
  14 orc wizards
  8 orc priests
  10 hounds
  A bullfrog skeleton (D:13)
  Jessica (D:2)
  2 iguanas
  10 worker ants
  A killer bee zombie (D:6)
  A big kobold zombie (Ossuary)
  A hound zombie (D:5)
  2 mummies (Ossuary)
  3 worker ant zombies
  13 adders
  5 gnolls
  4 shadow imps
  2 white imps
  2 ufetubi
  2 oozes
  4 adder zombies
  A worm (D:5)
  6 dart slugs
  4 leopard geckos
  46 orcs
  4 giant cockroaches (D:2)
  7 goblins
  4 hobgoblins
  15 jackals
  3 quokkas
  A ball python zombie (D:6)
  6 bats
  A frilled lizard (D:2)
  A goblin zombie (Ossuary)
  12 hobgoblin zombies (Ossuary)
  A jackal skeleton (D:4)
  18 kobolds
  12 kobold zombies (Ossuary)
  A leopard gecko skeleton (D:6)
  2 orc zombies (Ossuary)
  A quokka skeleton (D:7)
  A quokka zombie (D:5)
  6 rats
364 creatures vanquished.

Vanquished Creatures (others)
  1326 foxfires
1326 creatures vanquished.

Grand Total: 1690 creatures vanquished

Notes
Turn   | Place    | Note
-------+----------+-------------------------------------------
     0 | D:1      | kaeus the Gargoyle Fire Elementalist began the quest for
                  | the Orb.
     0 | D:1      | Reached XP level 1. HP: 10/10 MP: 3/3
   689 | D:1      | Reached XP level 2. HP: 15/15 MP: 0/5
  1275 | D:1      | Reached XP level 3. HP: 19/19 MP: 1/6
  2080 | D:2      | Noticed Jessica
  2094 | D:2      | Killed Jessica
  2095 | D:2      | Reached skill level 4 in Fire Magic
  2095 | D:2      | Reached XP level 4. HP: 24/24 MP: 0/7
  3050 | D:3      | Reached XP level 5. HP: 23/28 MP: 5/9
  3078 | D:3      | Noticed an ice beast
  3107 | D:4      | Killed an ice beast
  3108 | D:4      | Reached skill level 5 in Fire Magic
  3108 | D:4      | Reached XP level 6. HP: 19/32 MP: 1/10
  4479 | D:4      | Noticed a phantom
  4510 | D:4      | Killed a phantom
  4511 | D:4      | Reached XP level 7. HP: 29/36 MP: 1/12
  4606 | D:4      | Reached skill level 6 in Fire Magic
  4936 | D:4      | Noticed Menkaure
  4945 | D:4      | Killed Menkaure
  4951 | D:4      | Reached XP level 8. HP: 27/41 MP: 5/14
  5504 | D:5      | Entered Level 5 of the Dungeon
  5588 | D:5      | Reached skill level 7 in Fire Magic
  5593 | D:5      | Learned a level 4 spell: Sticky Flame
  5599 | D:5      | Learned a level 5 spell: Fireball
  5771 | D:5      | Reached skill level 5 in Conjurations
  6671 | D:6      | Found a snail-covered altar of Cheibriados.
  6671 | D:6      | Noticed Sigmund
  6688 | D:6      | Killed Sigmund
  6689 | D:6      | Reached skill level 5 in Spellcasting
  6764 | D:6      | Found a sand-covered staircase.
  6814 | D:6      | Reached skill level 8 in Fire Magic
  6929 | D:6      | Found a shimmering blue altar of Sif Muna.
  7170 | D:6      | Found a staircase to the Ecumenical Temple.
  7344 | Ossuary  | Entered an ossuary
  7626 | Ossuary  | Reached XP level 9. HP: 36/45 MP: 13/17
  8414 | D:6      | Found Xaob's Antique Armour Shop.
  8444 | D:6      | Bought a runed hat for 154 gold pieces
  8500 | D:6      | Reached skill level 9 in Fire Magic
  9267 | D:7      | Got an encrusted plate armour
  9268 | D:7      | Identified the +3 plate armour "Fuhae" {rN+ Regen+} (You
                  | found it on level 7 of the Dungeon)
  9755 | D:7      | Noticed a two-headed ogre
  9763 | D:7      | Killed a two-headed ogre
  9764 | D:7      | Reached skill level 10 in Fire Magic
  9764 | D:7      | Reached XP level 10. HP: 50/50 MP: 11/19
 10133 | D:8      | Noticed Pikel
 10177 | D:8      | Killed Pikel
 10287 | D:8      | Noticed Erica
 10312 | D:8      | Killed Erica
 10523 | D:8      | Reached skill level 11 in Fire Magic
 11330 | D:8      | Noticed Gastronok
 12853 | Temple   | Entered the Ecumenical Temple
 12944 | Temple   | Became a worshipper of the Shining One
 13265 | D:9      | Reached skill level 1 in Fighting
 13554 | D:9      | Reached skill level 1 in Short Blades
 13554 | D:9      | Reached skill level 1 in Armour
 14001 | D:9      | Noticed a red very ugly thing
 14001 | D:9      | Noticed a red ugly thing
 14001 | D:9      | Noticed a white ugly thing
 14001 | D:9      | Noticed a red ugly thing
 14002 | D:9      | Found a runed translucent gate.
 14002 | D:9      | Found a runed translucent gate.
 14002 | D:9      | Found a runed translucent gate.
 14003 | D:9      | Noticed a cyan ugly thing
 14003 | D:9      | Noticed a glowing orange brain
 14359 | D:10     | Entered Level 10 of the Dungeon
 14458 | D:10     | Gained mutation: Your spells are a little harder to cast,
                  | but a little more powerful. [potion of mutation]
 14458 | D:10     | Gained mutation: Your large and strong wings let you fly
                  | indefinitely. [potion of mutation]
 14543 | D:10     | Reached XP level 11. HP: 52/57 MP: 17/22
 14543 | D:10     | Noticed a centaur warrior
 14546 | D:10     | Killed a centaur warrior
 14592 | D:10     | Noticed a rakshasa
 14596 | D:10     | Noticed a seven-headed hydra
 14974 | D:11     | Noticed a two-headed ogre
 14984 | D:11     | Killed a two-headed ogre
 15079 | D:11     | Found a glowing golden altar of the Shining One.
 15407 | D:11     | Reached * piety under the Shining One
 15657 | D:11     | Noticed an unseen horror
 15666 | D:11     | Killed an unseen horror
 15726 | D:11     | Found a staircase to the Orcish Mines.
 15742 | D:10     | Learned a level 2 spell: Passwall
 15832 | D:10     | Noticed an unseen horror
 15850 | D:10     | Killed an unseen horror
 15851 | D:10     | Reached skill level 12 in Fire Magic
 15921 | D:10     | Noticed a boulder beetle
 16050 | D:10     | Noticed a glowing orange brain
 16074 | D:10     | Killed a glowing orange brain
 16184 | D:10     | Noticed an orc knight
 16196 | D:10     | Killed an orc knight
 16226 | D:10     | Noticed a catoblepas
 16534 | D:10     | Reached ** piety under the Shining One
 16723 | D:10     | Noticed a boulder beetle
 16807 | D:10     | Killed a catoblepas
 16994 | D:10     | Killed a rakshasa
 16995 | D:10     | Reached XP level 12. HP: 62/66 MP: 7/24
 17132 | D:10     | Found a staircase to the Lair.
 17949 | D:11     | Found a roughly hewn altar of Beogh.
 18176 | D:12     | Noticed a centaur warrior
 18812 | D:12     | Noticed Josephine
 18858 | D:12     | Reached *** piety under the Shining One
 18864 | D:12     | Found a blossoming altar of Fedhas.
 19098 | D:12     | Noticed a four-headed hydra
 19107 | D:12     | Killed a four-headed hydra
 19388 | D:12     | Killed a centaur warrior
 19389 | D:12     | Reached skill level 1 in Air Magic
 19389 | D:12     | Reached skill level 1 in Evocations
 19406 | D:12     | Killed Josephine
 19406 | D:12     | Reached **** piety under the Shining One
 19407 | D:12     | Reached skill level 5 in Armour
 19458 | D:12     | Reached skill level 10 in Conjurations
 19612 | D:12     | Reached skill level 5 in Fighting
 20347 | D:13     | Found a glowing golden altar of the Shining One.
 20364 | D:13     | Noticed a two-headed ogre
 20373 | D:13     | Noticed a centaur warrior
 20393 | D:13     | Killed a centaur warrior
 20395 | D:13     | Killed a two-headed ogre
 20475 | D:13     | Reached XP level 13. HP: 41/73 MP: 13/25
 21152 | D:11     | Slain by a seven-headed hydra

Illustrated notes

Levels and vault maps discovered:
D:1:      lemuel_arrival_river_ford, layout_basic, item_on_display_a
D:2:      layout_basic, uniq_jessica
D:3:      layout_basic, portal_sewer_entry_d
D:4:      layout_basic, uniq_menkaure
D:5:      layout_basic, grunt_decor_junction
D:6:      layout_gridville, cheibriados_altar_1,
          minmay_temple_entry_stoned_glass, enter_ossuary_1, serial_shops,
          nicolae_shop_stone, led_sif_book, uniq_sigmund
D:7:      layout_gridville
D:8:      layout_basic, uniq_erica, uniq_pikel, uniq_gastronok
D:9:      layout_long_grid, ploomutoo_gammafunk_ghost_potion_laboratory,
          minmay_bent
D:10:     minmay_the_grid_4x2 [minmay_the_grid_armoury,
          minmay_the_grid_odd_star, minmay_the_grid_minigrid_medium,
          minmay_the_grid_x, minmay_the_grid_minigrid_small_alt,
          minmay_the_grid_fan, minmay_the_grid_plusring,
          minmay_the_grid_prize_four_corners], layout_basic, lair_entry_dummy
D:11:     layout_loops_cross, minmay_orc_entry_temple_small, tso_altar
D:12:     kennysheep_demon_hangout, layout_basic, basic_altar, uniq_josephine
D:13:     evilmike_horseshoe, layout_cave_pools, basic_altar
Temple:   kilobyte_greek_temple

Skill      XL: |  1  2  3  4  5  6  7  8  9 10 11 12 |
---------------+-------------------------------------+-----
Conjurations   | 2 3 4 6 7 8 9 10 | 10.2
Fire Magic     | 4 5 6 8 10 11 12 | 12.9
Spellcasting   | 3 4 5 6 7 8 |  8.9
Fighting       | 1 4 5 |  5.6
Short Blades   | 1 3 4 |  4.7
Armour         | 1 4 5 |  5.8
Dodging        | 2 3 4 |  4.8
Air Magic      | 2 |  2.3
Evocations     | 2 |  2.0
Stealth        | |  2.1

Action                   |  1- 3 |  4- 6 |  7- 9 | 10-12 | 13-15 || total
-------------------------+-------+-------+-------+-------+-------++-------
Melee: Dagger            |    21 |    67 |   274 |   562 |    14 ||   938
       Unarmed           |     5 |       |       |       |       ||     5
 Cast: Foxfire           |    63 |    95 |   285 |   413 |     7 ||   863
       Sticky Flame      |       |       |    10 |    50 |     3 ||    63
       Fireball          |       |       |       |    35 |     4 ||    39
Evoke: Wand              |       |       |       |       |     1 ||     1
  Use: Scroll            |       |     8 |     3 |    23 |     1 ||    35
       Potion            |       |       |       |     7 |     2 ||     9
 Stab: Sleeping          |       |       |       |     1 |       ||     1
Armor: Robe              |    10 |       |       |       |       ||    10
       Steam dragon scal |     1 |    28 |   193 |   452 |    27 ||   701
Dodge: Dodged            |    21 |    49 |   246 |   492 |    27 ||   835
